 Dungeon Crawl Stone Soup version 0.25-a0-516-g7d600cd (webtiles) character file.

Game seed: 9857079520865549849, levelgen mode: deterministic

86 15 the Ruffian (level 4, 0/34 (35) HPs)
             Began as a Draconian Transmuter on Feb 16, 2020.
             Slain by a necrophage (5 damage)
             ... on level 3 of the Dungeon.
             The game lasted 00:05:37 (2123 turns).

15 the Ruffian (Draconian Transmuter)               Turns: 2123, Time: 00:05:37

HP:   0/34 (35)     AC:  5    Str: 12 (14) XL:     4   Next: 27%
MP:   7/7           EV: 12    Int: 10 (13) God:
Gold: 166           SH:  0    Dex: 10 (11) Spells: 1/7 levels left

rFire    . . .     SeeInvis .     - Unarmed
rCold    . . .     Gourm    .   (no shield)
rNeg     . . .     Faith    .   (armour unavailable)
rPois    .         Spirit   .   (helmet restricted)
rElec    .         Reflect  .   (no cloak)
rCorr    .         Harm     .   (no gloves)
MR       .....                  (no boots)
Stlth    +.........             (no amulet)
HPRegen  0.00/turn              (no ring)
MPRegen  0.10/turn              (no ring)

@: non-regenerating, diseased
A: unfitting armour, cold-blooded, AC +5
a: no special abilities


You were on level 3 of the Dungeon.
You were not hungry.

You visited 1 branch of the dungeon, and saw 3 of its levels.

You collected 166 gold pieces.

Inventory:

Missiles
 a - 24 arrows
Scrolls
 b - a scroll of identify {unknown}
 e - 2 scrolls of remove curse {unknown}
 f - a scroll of teleportation {unknown}
 i - 2 scrolls of enchant weapon {unknown}
 j - a scroll of fear {unknown}
 k - a scroll of enchant armour {unknown}
 l - a scroll of fog {unknown}
Potions
 h - a potion of curing {unknown}
Comestibles
 c - 2 rations
 d - 13 chunks of flesh


   Skills:
 * Level 1.3 Fighting
 * Level 2.6 Dodging
 + Level 0.3 Stealth
 + Level 3.9 Unarmed Combat
 * Level 2.3 Spellcasting
 * Level 2.4 Transmutations


You had one spell level left.
You knew the following spells:

 Your Spells              Type           Power        Failure   Level  Hunger
a - Beastly Appendage     Tmut           #.....       11%         1    ##.....
b - Sticks to Snakes      Tmut           #.......     17%         2    ###....
c - Spider Form           Tmut/Pois      #.........   50%         3    ####...

Your spell library contained the following spells:

 Spells                   Type           Power        Failure   Level  Hunger
 Ice Form                 Ice/Tmut       #.......     88%         4    #####..
 Blade Hands              Tmut           #.........   97%         5    ######.


Dungeon Overview and Level Annotations

Branches:
Dungeon (3/15)

Altars:
Sif Muna
Yredelemnul


Innate Abilities, Weirdness & Mutations

Your plain brown scales are hard. (AC +5)
You cannot fit into any form of body armour.
You are cold-blooded and may be slowed by cold attacks.


Message History

The necrophage is moderately damaged.
The necrophage hits you but does no damage.
You hit the necrophage. You tail-slap the necrophage.
The necrophage is heavily damaged.
The necrophage hits you.
* * * LOW HITPOINT WARNING * * *
You closely miss the necrophage.
The necrophage is heavily damaged.
The necrophage barely misses you.
You hit the necrophage but do no damage.
The necrophage is heavily damaged.
The necrophage barely misses you.
You hit the necrophage but do no damage.
The necrophage is heavily damaged.
The necrophage hits you.
* * * LOW HITPOINT WARNING * * *
You barely miss the necrophage.
The necrophage is heavily damaged.
The necrophage hits you.
You die...

#..(((((.#########
#.####)######## ###
#......>.....# ##..
######..#.....######...
#รท................
#..#.....######...
#..##...# ##..
#.####..###.## ##.
#.....@..# .# #.
#######n...#. #. ...##
#. ..## ## .## # .. #
.. ..


You could see a necrophage.

Vanquished Creatures
  2 adders
  3 dart slugs
  3 leopard geckos
  An orc (D:3)
  2 ball pythons
  7 bats
  4 giant cockroaches
  5 hobgoblins
  7 jackals
  5 kobolds
  A quokka (D:3)
  7 frilled lizards
  3 goblins
  4 rats
54 creatures vanquished.

Notes
Turn   | Place    | Note
-------+----------+-------------------------------------------
     0 | D:1      | 15 the Draconian Transmuter began the quest for the Orb.
     0 | D:1      | Reached XP level 1. HP: 16/16 MP: 3/3
   327 | D:1      | Reached XP level 2. HP: 19/23 MP: 3/5
   390 | D:1      | Learned a level 2 spell: Sticks to Snakes
   773 | D:1      | Reached XP level 3. HP: 26/28 MP: 4/6
   907 | D:1      | Learned a level 3 spell: Spider Form
  1259 | D:2      | Found a basalt altar of Yredelemnul.
  1586 | D:2      | Found a shimmering blue altar of Sif Muna.
  1880 | D:3      | Reached XP level 4. HP: 17/35 MP: 3/7
  2111 | D:3      | Noticed a necrophage
  2123 | D:3      | Slain by a necrophage

Levels and vault maps discovered:
D:1:      elethiomel_arrival_quiet, layout_rooms
D:2:      layout_loops_corners, marbit_many_paths, lemuel_doored_altar
D:3:      minmay_evil_eye, layout_loops_ring

Skill      XL: |  1 |
---------------+----+-----
Dodging        | 2 |  2.6
Fighting       | |  1.3
Stealth        | |  0.3
Unarmed Combat | |  3.9
Spellcasting   | |  2.3
Transmutations | |  2.4

Action                   |  1- 3 |  4- 6 || total
-------------------------+-------+-------++-------
Melee: Unarmed           |   157 |    33 ||   190
       Tailslap          |    15 |     3 ||    18
       Kick              |     5 |     3 ||     8
       Punch             |     3 |       ||     3
       Headbutt          |     2 |     1 ||     3
 Cast: Beastly Appendage |     9 |     6 ||    15
       Sticks to Snakes  |     2 |       ||     2
       Spider Form       |     1 |       ||     1
  Use: Potion            |       |     1 ||     1
 Stab: Sleeping          |     2 |       ||     2
  Eat: Chunk             |     4 |     1 ||     5
Armor: Skin              |    63 |    13 ||    76
Dodge: Dodged            |    95 |    20 ||   115

Table legend:
 A = Non-vault XP
 B = Vault XP
 C = Vault XP percentage of total XP
 D = Non-vault monster count
 E = Vault monster count
 F = Vault count percentage of total count
                 A         B        C        D         E       F
            +---------+---------+-------+---------+---------+-------
      Total |     123 |       1 |   0.8 |      53 |       1 |   1.9
            +---------+---------+-------+---------+---------+-------
        D:1 |      49 |       0 |   0.0 |      24 |       0 |   0.0
        D:2 |      43 |       1 |   2.3 |      20 |       1 |   4.8
        D:3 |      31 |       0 |   0.0 |       9 |       0 |   0.0
            +---------+---------+-------+---------+---------+-------
